 Dungeon Crawl Stone Soup version 0.22.1-1-ga44c0e5 (webtiles) character file.

25 Starchild the Digger (level 2, -1/22 HPs)
             Began as a Deep Dwarf Earth Elementalist on Sept 27, 2018.
             Slain by Sigmund
             ... wielding a +0 scythe
              (6 damage)
             ... on level 2 of the Dungeon.
             The game lasted 00:02:52 (725 turns).

Starchild the Digger (Deep Dwarf Earth Elementalist) Turns: 725, Time: 00:02:53

Health: -1/22      AC:  2    Str: 11    XL:     2   Next: 82%
Magic:  2/4        EV: 12    Int: 15    God:
Gold:   57         SH:  3    Dex: 13    Spells: 1/4 levels left

rFire    + . .     SeeInvis .   (no weapon)
rCold    + . .     Gourm    .   (no shield)
rNeg     . . .     Faith    .   c - +0 robe
rPois    .         Spirit   .   (no helmet)
rElec    .         Reflect  +   o - scarf {rC+ rF+}
rCorr    .         Harm     .   (no gloves)
MR       .....                  (no boots)
Stlth    ++........             g - +3 amulet of reflection
HPRegen  0.00/turn              (no ring)
MPRegen  0.09/turn              (no ring)

@: very slightly contaminated, non-regenerating
A: damage resistance, heal wounds, sense surroundings 1, no regeneration
a: Heal Wounds


You were on level 2 of the Dungeon.
You were not hungry.

You visited 1 branch of the dungeon, and saw 2 of its levels.

You collected 57 gold pieces.

Inventory:

Missiles
 b - 35 stones (quivered)
Armour
 c - a +0 robe (worn)
 o - a scarf of resistance (worn)
Jewellery
 g - a +3 amulet of reflection (around neck)
Scrolls
 a - a scroll of fog {unknown}
 e - a scroll of noise {unknown}
 f - a scroll of remove curse {unknown}
 h - 2 scrolls of identify {unknown}
 l - a scroll of amnesia {unknown}
 n - a scroll of random uselessness {unknown}
 r - a scroll of enchant armour {unknown}
 s - a scroll of teleportation {unknown}
Potions
 i - a potion of magic {unknown}
 j - a potion of curing {unknown}
 k - a potion of agility {unknown}
 m - 2 potions of lignification {unknown}
 p - a potion of brilliance {unknown}
 q - a potion of flight {unknown}
Comestibles
 d - 2 rations


   Skills:
 - Level 2.1 Dodging
 - Level 2.4 Stealth
 - Level 1.7 Spellcasting
 - Level 0.8 Transmutations
 + Level 5.5 Earth Magic


You had one spell level left.
You knew the following spells:

 Your Spells              Type           Power        Failure   Level  Hunger
a - Sandblast             Erth           ###...       2%          1    ##.....
b - Passwall              Tmut/Erth      ##......     10%         2    ###....

Your spell library contained the following spells:

 Spells                   Type           Power        Failure   Level  Hunger
 Stone Arrow              Conj/Erth      #.....       22%         3    ####...
 Petrify                  Tmut/Erth      ##......     52%         4    #####..
 Lee's Rapid Deconstruct  Erth           ###.......   54%         5    ######.


Dungeon Overview and Level Annotations

Branches:
Dungeon (2/15)

Altars:

Annotations:
D:2 Sigmund


Innate Abilities, Weirdness & Mutations

You are resistant to damage.
You can heal yourself by infusing magical energy.
You passively map a small area around you.
You do not regenerate.


Message History

Aiming: Sandblast (safe; 2% risk of failure)
Press: ? - help, Shift-Dir - straight line, f - bat
Aim: a bat (resting)
You miscast Sandblast.
You are very lightly contaminated with residual magic.
Nothing appears to happen.
The bat hits you but does no damage.
Casting: Sandblast (safe; 2% risk of failure)
Confirm with . or Enter, or press ? or * to list all spells.
Aiming: Sandblast (safe; 2% risk of failure)
Press: ? - help, Shift-Dir - straight line, f/p - bat
Aim: a bat The blast of sand hits the bat.
You kill the bat!
b - 35 stones You see here a scroll labeled DUPTUM WYNT.
s - a scroll labeled DUPTUM WYNT Something hits you!
* * * LOW HITPOINT WARNING * * *
Something hits you!
You die...

, ...# * ...#
* ......#
*...# #....%#
*...# #.....#
* * *
#####...####
###.....# ,
............
.......+ ,
##.##.######
*#.$....#* #.#
....# ####...#
##'#####.#
#..'.@.+,
.........#
#.##...#
.........#
#.##...#
.........#
#.######
.........###.#
.†...........#
...##....#####
....+[....#
#..##....>#


There were no monsters in sight!

Vanquished Creatures
  An ooze (D:1)
  A leopard gecko (D:1)
  A ball python (D:1)
  3 bats
  3 goblins
  3 hobgoblins (D:1)
  2 frilled lizards (D:1)
  A kobold (D:2)
  4 rats
19 creatures vanquished.

Notes
Turn   | Place    | Note
-------+----------+-------------------------------------------
     0 | D:1      | Starchild the Deep Dwarf Earth Elementalist began the quest
                  | for the Orb.
     0 | D:1      | Reached XP level 1. HP: 15/15 MP: 3/3
   138 | D:1      | Reached XP level 2. HP: 22/22 MP: 2/4
   218 | D:1      | Reached skill level 5 in Earth Magic
   635 | D:2      | Learned a level 2 spell: Passwall
   694 | D:2      | Noticed Sigmund
   725 | D:2      | Slain by Sigmund

Skill      XL: |  1  2 |
---------------+-------+-----
Earth Magic    | 5 |  5.5
Dodging        | |  2.1
Stealth        | |  2.4
Spellcasting   | |  1.7
Transmutations | |  0.8

Action                   || total
-------------------------++-------
 Cast: Sandblast         ||    23
Armor: Robe              ||     3
Dodge: Dodged            ||     5
